 Dungeon Crawl Stone Soup version 0.19-a0-1720-gc855d72 (webtiles) character file.

521 kae the Slasher (level 7, -2/56 HPs)
             Began as a Formicid Fighter on Sept 29, 2016.
             Slain by a killer bee (7 damage)
             ... on level 8 of the Dungeon.
             The game lasted 00:05:10 (4007 turns).

kae the Slasher (Formicid Fighter)                  Turns: 4007, Time: 00:05:11

Health: -2/56      AC:  7    Str: 28    XL:     7   Next: 46%
Magic:  7/7        EV:  8    Int:  7    God:
Gold:   193        SH: 10    Dex: 10    Spells: 0 memorised, 6 levels left

rFire  . . .     SeeInvis +     a - +0 long sword
rCold  . . .     Gourm    .     b - +0 scale mail
rNeg   . . .     Faith    .     c - +0 shield
rPois  .         Spirit   .     (helmet unavailable)
rElec  .         Dismiss  .     (no cloak)
rCorr  .         Reflect  .     (no gloves)
MR     .....     Harm     .     (no boots)
Stlth  ..........               (no amulet)
                                (no ring)
                                (no ring)

@: mighty, lethally poisoned (-2 -> -4)
A: permanent stasis, dig shafts and tunnels, four strong arms, antennae 3
a: Dig, Shaft Self


You were on level 8 of the Dungeon.
You were very hungry.

You visited 1 branch of the dungeon, and saw 7 of its levels.

You collected 193 gold pieces.

Inventory:

Hand Weapons
 a - a +0 long sword (weapon)
Armour
 b - a +0 scale mail (worn)
 c - a +0 shield (worn)
Jewellery
 r - an uncursed ring of fire {unknown}
 w - an uncursed ring of see invisible {unknown}
Scrolls
 h - a scroll of identify {unknown}
 j - a scroll of magic mapping {unknown}
 m - a scroll of recharging {unknown}
 o - 3 scrolls of remove curse {unknown}
 q - 2 scrolls of fear {unknown}
 s - a scroll of teleportation {unknown}
 t - 2 scrolls of enchant weapon {unknown}
 u - a scroll of blinking {unknown}
Potions
 d - a potion of might
 e - a potion of curing
 g - 3 potions of flight {unknown}
 i - a potion of berserk rage {unknown}
 n - a potion of brilliance {unknown}
 p - 3 potions of degeneration {unknown}
 x - a potion of haste {unknown}
Books
 l - a book of Fire

   Spells                             Type                      Level
   a - Ignite Poison                  Fire/Transmutation/Poison    3
   b - Fireball                       Conjuration/Fire             5
   c - Bolt of Fire                   Conjuration/Fire             6
   d - Delayed Fireball               Conjuration/Fire             7
   e - Ring of Flames                 Charms/Fire                  7
Comestibles
 f - 5 bread rations
 k - a meat ration
 v - a slice of pizza


   Skills:
 + Level 5.6 Fighting
 * Level 6.4 Long Blades
 - Level 3.2 Armour
 - Level 3.6 Shields


You had 6 spell levels left.
You didn't know any spells.

Dungeon Overview and Level Annotations

Branches:
Dungeon (6/15)
 Temple: D:4-7

Altars:
Ashenzari
Fedhas
Gozag
Okawaru
Qazlal
Ru
Uskayaw
Xom

Shops:
D:2 *

Annotations:
D:4 kae's ghost, novice FoFi


Innate Abilities, Weirdness & Mutations

You are under a permanent stasis effect.
You can dig through walls and to a lower floor.
Your four strong arms can wield two-handed weapons with a shield.
You have a pair of large antennae on your head. (SInv)


Message History

You block the killer bee's attack. The killer bee closely misses you.
You riposte.
You completely miss the killer bee.
The killer bee is almost dead.
You miss the killer bee.
The killer bee is almost dead.
You feel sick. You block the killer bee's attack. The killer bee stings you.
* * * LOW HITPOINT WARNING * * *
Unknown command.
You barely miss the killer bee.
The killer bee is almost dead.
The killer bee stings you.
* * * LOW HITPOINT WARNING * * *
The killer bee stings you.
* * * LOW HITPOINT WARNING * * *
Unknown command.
You closely miss the killer bee.
The killer bee is almost dead.
You feel sick. You block the killer bee's attack. x2
The killer bee stings you!
You die...

########.....###
................
.##.....####.#######
...#####.........{..
.###(. #####.#####.
.# #. #......# .# #.
#####..# ....
#..##..#### ...#
.#.......#@# ....
#....###.#y##
###.#.........y## #
..........## #
##...#..... #..
#+##.## ... <.y ....


You could see 2 killer bees.

Vanquished Creatures
  An ogre (D:3)
  A necrophage (D:8)
  A killer bee (D:8)
  4 orc wizards
  Robin (D:2)
  7 adders
  A gnoll (D:5)
  3 worms
  A dart slug (D:2)
  2 leopard geckos (D:2)
  9 orcs
  2 giant cockroaches (D:1)
  16 goblins
  12 hobgoblins
  8 jackals
  7 kobolds
  2 quokkas
  A ball python (D:2)
  9 bats
  2 frilled lizards
  9 rats
99 creatures vanquished.

Notes
Turn   | Place    | Note
-------+----------+-------------------------------------------
     0 | D:1      | kae the Formicid Fighter began the quest for the Orb.
     0 | D:1      | Reached XP level 1. HP: 18/18 MP: 1/1
   142 | D:1      | Reached XP level 2. HP: 24/24 MP: 2/2
   456 | D:1      | Reached skill level 3 in Long Blades
   609 | D:1      | Reached XP level 3. HP: 29/29 MP: 3/3
  1013 | D:2      | Noticed Robin
  1024 | D:2      | Reached XP level 4. HP: 28/37 MP: 4/4
  1044 | D:2      | Killed Robin
  1424 | D:2      | Reached skill level 4 in Long Blades
  1964 | D:2      | Reached XP level 5. HP: 39/42 MP: 5/5
  2089 | D:2      | Found an opulent altar of Gozag.
  2091 | D:2      | Found Gozag's Platinum Reserve.
  2511 | D:3      | Found a faded altar of an unknown god.
  2809 | D:3      | Reached XP level 6. HP: 49/49 MP: 6/6
  2877 | D:3      | Found a blossoming altar of Fedhas.
  3150 | D:3      | Found a sacrificial altar of Ru.
  3198 | D:4      | Noticed an ogre
  3210 | D:3      | Killed an ogre
  3210 | D:3      | Reached skill level 5 in Fighting
  3210 | D:3      | Reached skill level 5 in Long Blades
  3296 | D:4      | Noticed kae's ghost (novice FoFi)
  3323 | D:4      | Reached XP level 7. HP: 41/56 MP: 7/7
  3339 | D:4      | You fall through a shaft for 2 floors!
  3628 | D:5      | Entered Level 5 of the Dungeon
  3822 | D:5      | Found a shattered altar of Ashenzari.
  3826 | D:5      | Saw a vision of the Swamp and the Snake Pit.
  3826 | D:5      | Noticed a naga mage
  3826 | D:5      | Noticed a naga warrior
  3826 | D:5      | Noticed a naga
  3826 | D:5      | Noticed an anaconda
  3827 | D:5      | Noticed a naga
  3827 | D:5      | Noticed an alligator
  3828 | D:5      | Noticed a salamander
  3828 | D:5      | Noticed a naga mage
  3839 | D:5      | You fall through a shaft for 3 floors!
  3839 | D:8      | Found a shimmering altar of Xom.
  3884 | D:8      | Found a hide-covered altar of Uskayaw.
  3892 | D:8      | Reached skill level 6 in Long Blades
  3901 | D:8      | Found an iron altar of Okawaru.
  3915 | D:8      | Found a stormy altar of Qazlal.
  4007 | D:8      | Slain by a killer bee

Vault maps used:
D:1:      minmay_arrival_up_and_down
D:2:      nicolae_gozag_zags_fifth_avenue, st_stairs_8, kennysheep_doodads,
          minmay_misc_feat_rows, minmay_hexomino_c4, uniq_robin
D:3:      nicolae_overflow_hidden_temple, ecumenical_altar_2,
          minmay_misc_feat_plants, nicolae_ru_path_of_blood
D:4:      lemuel_coloured_pillars_altar
D:5:      grunt_temple_overflow_holy_war, serial_shops, kennysheep_little_box,
          shop, kennysheep_mini, shop_fountains, first_bread,
          grunt_ashenzari_visionary
D:8:      nicolae_overflow_quartered_altars, serial_co_window_serial,
          co_window_paths_a, co_window_paths_a, co_window_cross_1,
          co_window_of_opportunity_a, co_window_corner_a, co_window_2corner,
          co_window_2corner, co_window_unsneaky_path_c, glass_columns_c,
          glass_columns_b, lightli_bailey_entry_fortress,
          hangedman_pestilent_swarm, minmay_misc_feat_alley

Skill      XL: |  1  2  3  4  5  6  7 |
---------------+----------------------+-----
Long Blades    | 3 4 5 6 |  6.4
Fighting       | 4 5 |  5.6
Armour         | |  3.2
Shields        | |  3.6

Action                   |  1- 3 |  4- 6 |  7- 9 || total
-------------------------+-------+-------+-------++-------
Melee: Long sword        |   100 |   261 |    72 ||   433
 Abil: Dig               |     2 |     3 |     7 ||    12
       Shaft Self        |       |       |     1 ||     1
  Use: Potion            |       |       |     4 ||     4
  Eat: Chunk             |     1 |     8 |     2 ||    11
Armor: Scale mail        |    38 |    89 |    16 ||   143
Dodge: Dodged            |    31 |    66 |    24 ||   121
Block: Shield            |    64 |   120 |    32 ||   216
